 Dungeon Crawl Stone Soup version 0.28-a0-503-g83f2989fac (webtiles) character file.

Game seed: 3872893864362348173

332 Dabor the Sneak (level 6, 0/30 HPs)
             Began as a Spriggan Enchanter on Sept 20, 2021.
             Slain by a hound (4 damage)
             ... on level 4 of the Dungeon.
             The game lasted 00:12:03 (3835 turns).

Dabor the Sneak (Spriggan Enchanter)                Turns: 3835, Time: 00:12:03

Health: 0/30       AC:  2    Str:  4    XL:     6   Next: 26%
Magic:  10/12      EV: 19    Int: 17    God:
Gold:   124        SH:  0    Dex: 17    Spells: 4/12 levels left

rFire   . . .      SeeInvis +   i - +3 short sword (venom)
rCold   . . .      Faith    .   (shield restricted)
rNeg    . . .      Spirit   .   b - +0 robe
rPois   .          Reflect  .   (helmet restricted)
rElec   .          Harm     .   (no cloak)
rCorr   .          Rampage  .   (gloves unavailable)
Will    +....                   (boots unavailable)
Stlth   +++.......              g - amulet of magic regeneration
HPRegen 0.10/turn               (no ring)
MPRegen 0.38/turn               (no ring)

@: very slightly contaminated, invisible, very quick
A: very small, no large weapons, unfitting armour, see invisible, speed 3
a: no special abilities


You were on level 4 of the Dungeon.
You visited 1 branch of the dungeon, and saw 5 of its levels.

You collected 124 gold pieces.

Inventory:

Hand Weapons
 a - a +1 dagger
 h - a +5 dagger
 i - a +3 short sword of venom (weapon)
Missiles
 q - a throwing net
Armour
 b - a +0 robe (worn)
Jewellery
 g - an amulet of magic regeneration (around neck)
 j - an amulet of reflection
Scrolls
 e - a scroll of noise
 f - a scroll of identify
 k - 2 scrolls of immolation
 n - a scroll of blinking
 o - a scroll of fog {unknown}
 p - a scroll of enchant armour {unknown}
 s - a scroll of teleportation {unknown}
 t - a scroll of holy word {unknown}
Potions
 c - a potion of invisibility
 d - a potion of might {unknown}
 l - a potion of heal wounds {unknown}
 m - a potion of attraction {unknown}
 r - a potion of curing {unknown}


   Skills:
 + Level 1.2 Fighting
 * Level 3.0 Short Blades
 * Level 4.5 Dodging
 * Level 6.5 Stealth
 + Level 3.5 Spellcasting
 + Level 4.3 Hexes
 - Level 1.5 Ice Magic


You had 4 spell levels left.
You knew the following spells:

 Your Spells              Type           Power      Damage    Failure   Level
a - Ensorcelled Hibernat  Hex/Ice        24%        N/A       8%          2
b - Tukima's Dance        Hex            17%        N/A       9%          3
c - Confusing Touch       Hex            17%        N/A       9%          3

Your spell library contained the following spells:

 Spells                   Type           Power      Damage    Failure   Level
 Dazzling Flash           Conj/Hex       20%        N/A       21%         3
 Conjure Flame            Conj/Fire      2%         6-21      45%         3
 Ignite Poison            Fire/Tmut/Pois 2%         N/A       45%         3
 Sticky Flame             Conj/Fire      2%         2d3       86%         4


Dungeon Overview and Level Annotations

Branches:
Dungeon (5/15)
 Temple: D:4-7

Altars:
Xom

Annotations:
D:4 Menkaure


Innate Abilities, Weirdness & Mutations

You are very small and have problems with some larger weapons.
You are too small for most types of armour.
You have supernaturally acute eyesight. (SInv)
You cover ground extremely quickly. (Speed+++)


Message History

The iguana barely misses you. The scorpion completely misses you.
There is a stone staircase leading up here.
The hound barely misses you. The hound bites you.
* * * LOW HITPOINT WARNING * * *
The iguana completely misses you. The scorpion closely misses you.
You climb upwards.
Level annotation: Menkaure
There is a stone staircase leading down here.
You fade into invisibility!
The hound closely misses you. The scorpion misses you.
The iguana completely misses you.
You are very lightly contaminated with residual magic.
As you read the scroll labelled QAIPTI GAOSS, it crumbles to dust.
You hear a loud clanging noise!
It was a scroll of noise.
You hear a shout! x2
The hound bites you but does no damage. The scorpion completely misses you.
The iguana closely misses you. The hound barely misses you.
As you read the scroll labelled QUEXUFRYMI, it crumbles to dust.
It is a scroll of identify.
k - 2 scrolls of immolation The hound barely misses you.
The scorpion closely misses you. The iguana barely misses you.
Blink to where?
Press: ? - help, Dir - move target
As you read the scroll labelled MOESMU ACHOUMP, it crumbles to dust.
It was a scroll of blinking.
A hound comes into view.
The hound misses you.
Casting: Ensorcelled Hibernation (safe; 8% risk of failure)
Confirm with . or Enter, or press ? or * to list all spells.
Aiming: Ensorcelled Hibernation (safe; 8% risk of failure)
Press: ? - help, Shift-Dir - straight line, f - hound
Aim: a hound (chance to affect: 51%)
The hound looks drowsy...
The helpless hound fails to defend itself.
You impale the hound!!
You kill the hound!
The hound bites you.
You die...

## #.# ##.# ##@#
## #h## ##.
##.###[#########
#...#.hs.......#
#.#..h#########.#
..###..#########.#
...#
##.........#.#
....
#..###.###.#†# ###
## #.# #.#.#


You could see a hound.

Vanquished Creatures
  2 hounds (D:4)
  Jessica (D:3)
  An iguana (D:4)
  Robin (D:3)
  6 gnolls (D:4)
  7 adders
  An ufetubus (D:4)
  An adder skeleton (D:4)
  4 worms
  3 dart slugs
  2 orcs
  10 endoplasms
  3 giant cockroaches (D:1)
  11 goblins
  13 hobgoblins
  A jackal (D:4)
  2 quokkas (D:2)
  5 ball pythons
  7 bats
  4 frilled lizards
  11 kobolds
  5 rats
101 creatures vanquished.

Vanquished Creatures (others)
  2 dancing weapons
  13 fungi (D:1)
15 creatures vanquished.

Grand Total: 116 creatures vanquished

Notes
Turn   | Place    | Note
-------+----------+-------------------------------------------
     0 | D:1      | Dabor the Spriggan Enchanter began the quest for the Orb.
     0 | D:1      | Reached XP level 1. HP: 9/9 MP: 5/5
   425 | D:1      | Reached XP level 2. HP: 13/13 MP: 6/6
   428 | D:1      | Learned a level 2 spell: Ensorcelled Hibernation
   674 | D:1      | Reached skill level 1 in Ice Magic
  1401 | D:1      | Reached XP level 3. HP: 16/16 MP: 0/8
  1730 | D:1      | Reached skill level 5 in Stealth
  1981 | D:2      | Found a shimmering altar of Xom.
  2055 | D:2      | Reached XP level 4. HP: 18/21 MP: 1/9
  2112 | D:2      | Learned a level 3 spell: Tukima's Dance
  2684 | D:3      | Noticed Jessica
  2691 | D:3      | Killed Jessica
  2692 | D:3      | Reached XP level 5. HP: 25/25 MP: 10/10
  2956 | D:3      | Noticed Robin
  3006 | D:3      | Killed Robin
  3007 | D:3      | Reached skill level 6 in Stealth
  3013 | D:3      | Reached skill level 1 in Fighting
  3107 | D:3      | Found a faded altar of an unknown god.
  3293 | D:4      | Learned a level 3 spell: Confusing Touch
  3407 | D:4      | Reached XP level 6. HP: 19/30 MP: 12/12
  3756 | D:4      | Noticed Menkaure
  3819 | D:5      | Entered Level 5 of the Dungeon
  3835 | D:4      | Slain by a hound

Illustrated notes

Levels and vault maps discovered:
D:1:      scummos_arrival_checkerplants, layout_basic, minmay_pentomino_r2
D:2:      layout_loops_cross, basic_altar
D:3:      layout_basic, basic_ecumenical_altar, uniq_jessica, uniq_robin
D:4:      layout_loops_ring, minmay_pentomino_pile, uniq_menkaure, uniq_grinder
D:5:      layout_rooms, lemuel_zombie_altar_yredelemnul,
          mainiacjoe_overflow_concentric_impassable, minmay_between

Skill      XL: |  1  2  3  4  5  6 |
---------------+-------------------+-----
Dodging        | 3 4 |  4.5
Ice Magic      | 1 |  1.5
Stealth        | 5 6 |  6.5
Spellcasting   | 3 |  3.5
Short Blades   | 2 3 |  3.0
Hexes          | 4 |  4.3
Fighting       | 1 |  1.2

Action                   |  1- 3 |  4- 6 || total
-------------------------+-------+-------++-------
Melee: Dagger            |    73 |       ||    73
       Short sword       |    25 |    94 ||   119
 Cast: Ensorcelled Hiber |    28 |    28 ||    56
       Tukima's Dance    |       |     4 ||     4
       Confusing Touch   |       |     1 ||     1
  Use: Scroll            |       |     3 ||     3
       Potion            |       |     1 ||     1
 Stab: Sleeping          |    29 |    32 ||    61
Armor: Robe              |    10 |     8 ||    18
Dodge: Dodged            |    82 |    77 ||   159

Table legend: (Time is in decaauts)
 A = Elapsed time spent in this place.
 B = Non-inter-level travel time spent in this place.
 C = Inter-level travel time spent in this place.
 D = Time resting spent in this place.
 E = Time spent auto-exploring this place.
 F = Levels seen in this place.
 G = Mean time per level.
                   A        B        C        D        E       F      G
               +--------+--------+--------+--------+--------+-----+--------+
         Total |   2832 |   2794 |     38 |    334 |   1706 |   5 |  566.4 |
       Dungeon |   2832 |   2794 |     38 |    334 |   1706 |   5 |  566.4 |
               +--------+--------+--------+--------+--------+-----+--------+

Top non-repeatable levels by time:
     D:1: 1384 daAuts
     D:2: 530 daAuts
     D:3: 470 daAuts
     D:4: 442 daAuts
     D:5: 4 daAuts
